 Dungeon Sprint DCSS version 0.18.1-6-gd335043 (webtiles) character file.

247 Groucho the Skirmisher (level 6, -1/61 (62) HPs)
             Began as a Naga Fighter on May 20, 2016.
             Was an Initiate of Cheibriados.
             Slain by a human (4 damage)
             ... in the Dungeon (Sprint III: "The Ten Rune Challenge").
             The game lasted 00:02:48 (1500 turns).

Groucho the Skirmisher (Naga Fighter)               Turns: 1500, Time: 00:02:49

HP:   -1/61 (62)    AC:  7    Str: 22    XL:     6   Next: 11%
MP:   10/10         EV:  6    Int:  9    God:    Cheibriados [......]
Gold: 17            SH: 10    Dex: 11    Spells: 0 memorised, 11 levels left

rFire  . . .     SeeInvis +     a - +0 war axe
rCold  . . .     Gourm    .     b - +0 scale mail
rNeg   . . .     Faith    .     c - +0 shield
rPois  +         Spirit   .     (no helmet)
rElec  .         Dismiss  .     m - +0 cloak
rCorr  .         Reflect  .     (no gloves)
SustAt .         Harm     .     (no barding)
MR     .....     NoTele   +     (no amulet)
Stlth  ..........               (no ring)
                                (no ring)

@: non-regenerating, diseased, very slow, not resistant to hostile enchantments,
extremely unstealthy
A: see invisible, deformed body, poison resistance, slowness 2, slow metabolism
1, spit poison 2, AC +2
a: Spit Poison, Bend Time, Renounce Religion


You were in the Dungeon.
You worshipped Cheibriados.
Cheibriados was noncommittal.
You were not hungry.

You visited 1 branch You collected 17 gold pieces.

Inventory:

Hand Weapons
 a - a +0 war axe (weapon)
Armour
 b - a +0 scale mail (worn)
 c - a +0 shield (worn)
 m - a +0 cloak (worn)
Wands
 g - a wand of flame (19/48)
 x - a wand of lightning (9/15)
Scrolls
 k - a scroll of blinking
 o - 2 scrolls of holy word {unknown}
 p - 2 scrolls of remove curse {unknown}
 q - a scroll of enchant weapon {unknown}
 u - a scroll of identify {unknown}
Potions
 d - a potion of might
 e - a potion of curing
 h - a potion of haste
 i - 2 potions of magic
 j - a potion of berserk rage
 n - 2 potions of mutation {unknown}
 s - 2 potions of cure mutation {unknown}
 t - a potion of resistance {unknown}
 w - a potion of agility {unknown}
Comestibles
 f - a bread ration
 l - a beef jerky
 r - 3 fruits
 v - a royal jelly


   Skills:
 + Level 6.2 Fighting
 + Level 5.8 Axes
 + Level 5.2 Armour
 + Level 0.0 Dodging
 + Level 5.2 Shields
 * Level 3.1 Spellcasting
 * Level 0.0 Invocations
 + Level 3.0 Evocations


You had 11 spell levels left.
You didn't know any spells.

Dungeon Overview and Level Annotations

Branches:
Dungeon (1/1)

Altars:
Cheibriados
Fedhas
Okawaru
Trog
Yredelemnul


Innate Abilities, Weirdness & Mutations

You cannot wear boots.
Your serpentine skin is tough (AC +2).
You have supernaturally acute eyesight.
Armour fits poorly on your strangely shaped body.
Your system is resistant to poisons.
You cover ground very slowly.
You have a slow metabolism.
You can spit poison.


Message History

The human drinks a potion.
The human seems to grow stronger.
You block the human's attack.
You miss the human. You hit the human.
The human is lightly wounded.
You block the human's attack. The human hits you with a spear!
The human hits you.
You hit the human but do no damage.
The human is lightly wounded.
You closely miss the human. The human hits you with a spear!
You block the human's attack. x2
You hit the human.
The human is lightly wounded.
You closely miss the human. The human hits you with a spear!
* * * LOW HITPOINT WARNING * * *
The human hits you.
* * * LOW HITPOINT WARNING * * *
The human hits you with a spear.
* * * LOW HITPOINT WARNING * * *
The human hits you.
You die...

▓▓▓▓ ▓▓▓ ...♣♣ ♣.#
######## ....♣ ♣.#
#__[#__# ....♣♣♣ ♣♣.#
#pp.#._#
....≈.♣♣♣..###+#@###)##
...≈≈..♣.♣.#..........#
..≈≈≈≈.♣...'.⌠........#
).≈≈≈≈≈≈.♣.#...######+#
.≈≈≈≈≈≈....#.⌠.#
.≈≈≈≈≈.....#...#
.≈≈≈.......#+###
...........#
...........#


You could see 2 humans.

Vanquished Creatures
  A necrophage (D)
  A water elemental (D)
  Crazy Yiuf (D)
  Jessica (D)
  A necromancer (D)
  A human (D)
  3 rats (D)
9 creatures vanquished.

Vanquished Creatures (others)
  2 draconian scorchers (D)
  A yaktaur (D)
  2 plants (D)
5 creatures vanquished.

Grand Total: 14 creatures vanquished

Notes
Turn   | Place    | Note
--------------------------------------------------------------
     0 | D        | Groucho the Naga Fighter began the quest for the Orb.
     0 | D        | Reached XP level 1. HP: 21/21 MP: 1/1
   175 | D        | Killed a white draconian scorcher
   198 | D        | Noticed Jessica
   200 | D        | Killed a white draconian scorcher
   201 | D        | HP: 1/21 [Jessica/nerve-wracking pain (12)]
   206 | D        | Killed Jessica
   206 | D        | Reached skill level 4 in Fighting
   206 | D        | Reached skill level 1 in Spellcasting
   206 | D        | Reached XP level 2. HP: 28/30 MP: 2/4
   206 | D        | Reached XP level 3. HP: 34/36 MP: 2/5
   206 | D        | Killed a yaktaur
   450 | D        | Noticed Crazy Yiuf
   458 | D        | Killed Crazy Yiuf
   458 | D        | Reached XP level 4. HP: 7/45 MP: 6/6
   912 | D        | Reached skill level 1 in Evocations
  1306 | D        | Noticed a water elemental
  1309 | D        | Killed a water elemental
  1309 | D        | Reached skill level 5 in Fighting
  1309 | D        | Reached XP level 5. HP: 52/52 MP: 6/8
  1473 | D        | Found a basalt altar of Yredelemnul.
  1473 | D        | Found a snail-covered altar of Cheibriados.
  1473 | D        | Found a blossoming altar of Fedhas.
  1473 | D        | Noticed a necrophage
  1475 | D        | Reached skill level 5 in Axes
  1482 | D        | Killed a necrophage
  1482 | D        | Reached skill level 6 in Fighting
  1482 | D        | Reached skill level 5 in Armour
  1482 | D        | Reached skill level 5 in Shields
  1482 | D        | Reached XP level 6. HP: 55/61 MP: 10/10
  1487 | D        | Became a worshipper of Cheibriados the Contemplative
  1495 | D        | Found an iron altar of Okawaru.
  1495 | D        | Found a bloodstained altar of Trog.
  1495 | D        | Noticed a human
  1496 | D        | Noticed a human
  1500 | D        | HP: 3/61 [human/spear (3)]
  1500 | D        | Slain by a human

Skill      XL: |  1  2  3  4  5 |
---------------+----------------+-----
Fighting       | 4 5 6 |  6.2
Axes           | 3 4 5 |  5.8
Armour         | 3 4 5 |  5.2
Shields        | 3 4 5 |  5.2
Spellcasting   | 1 2 3 |  3.1
Evocations     | 2 3 |  3.0

Action                   |  1- 3 |  4- 6 || total
-------------------------+-------+-------++-------
Melee: War axe           |    17 |    33 ||    50
 Abil: Spit Poison       |       |     2 ||     2
Evoke: Wand              |     3 |     2 ||     5
  Use: Potion            |     1 |     1 ||     2
  Eat: Fruit             |       |     1 ||     1
Armor: Scale mail        |     3 |    11 ||    14
Dodge: Dodged            |     8 |     2 ||    10
Block: Shield            |     8 |    18 ||    26
